 Dungeon Crawl Stone Soup version 0.28-a0-1235-g7c8fac35f0 (webtiles) character file.

Game seed: 7415147766431368432

281 Ajdolov the Cudgeller (level 6, 0/49 HPs)
             Began as a Formicid Abyssal Knight on Dec 24, 2021.
             Was a Believer of Lugonu.
             Slain by an ice beast (7 damage)
             ... on level 4 of the Dungeon.
             The game lasted 00:06:45 (3411 turns).

Ajdolov the Cudgeller (Formicid Abyssal Knight)     Turns: 3411, Time: 00:06:45

Health: 0/49       AC:  9    Str: 19    XL:     6   Next: 53%
Magic:  8/8        EV: 11    Int: 10    God:    Lugonu [**....]
Gold:   149        SH:  0    Dex: 11    Spells: 5/5 levels left

rFire   . . .      SeeInvis +   a - +1 mace
rCold   . . .      Faith    .   (no shield)
rNeg    . . .      Spirit   .   h - +0 chain mail {Will+}
rPois   .          Reflect  .   (helmet unavailable)
rElec   .          Harm     .   d - +0 cloak
rCorr   .          Rampage  .   (no gloves)
Will    +....                   (no boots)
Stlth   ..........              (no amulet)
HPRegen 0.16/turn               j - +4 ring of evasion
MPRegen 0.11/turn               (no ring)

@: no status effects
A: permanent stasis, dig shafts and tunnels, antennae 3, four strong arms
a: Dig, Shaft Self, Renounce Religion, Depart the Abyss, Bend Space


You were on level 4 of the Dungeon.
You worshipped Lugonu.
Lugonu was pleased with you.
You visited 1 branch of the dungeon, and saw 4 of its levels.
You visited the Abyss 1 time.

You collected 149 gold pieces.

Inventory:

Hand Weapons
 a - a +1 mace (weapon)
Armour
 d - a +0 cloak (worn)
 h - a +0 chain mail of willpower (worn)
Jewellery
 j - a +4 ring of evasion (left hand)
Scrolls
 b - 2 scrolls of identify {unknown}
 c - a scroll of enchant armour {unknown}
 f - a scroll of blinking {unknown}
 g - a scroll of teleportation {unknown}
Potions
 e - 4 potions of degeneration {unknown}
 i - 2 potions of resistance {unknown}
 k - a potion of attraction {unknown}
 l - a potion of lignification {unknown}


   Skills:
 - Level 4.3 Fighting
 * Level 5.3 Maces & Flails
 - Level 2.1 Armour
 - Level 0.8 Dodging
 + Level 3.3 Invocations


You had 5 spell levels left.
You didn't know any spells.
Your spell library was empty.

Dungeon Overview and Level Annotations

Branches:
Dungeon (4/15)
 Temple: D:4-7

Altars:
Kikubaaqudgha
The Shining One


Innate Abilities, Weirdness & Mutations

You cannot be hasted, slowed, berserked, paralysed or teleported.
You can dig through walls and to a lower floor.
You have a pair of large antennae on your head. (SInv)
Your four strong arms can wield two-handed weapons with a shield.


Message History

Lugonu accepts your kill.
Your Maces & Flails skill increases to level 5!
Your Invocations skill increases to level 3!
You have reached level 6!
You start resting.
You sense a monster nearby.
A quokka comes into view.
Found 17 gold pieces.
You barely miss the quokka. The quokka barely misses you.
The quokka bites you but does no damage.
You barely miss the quokka. The quokka bites you.
You hit the quokka.
You kill the quokka!
Lugonu accepts your kill.
You see here a quokka corpse.
HP restored.
You now have 149 gold pieces (gained 17).
You sense a monster nearby.
A goblin comes into view. It is wielding a +0 dagger.
You barely miss the goblin. The goblin hits you with a +0 dagger.
You hit the goblin.
You kill the goblin!
Lugonu accepts your kill.
You see here a +0 dagger.
Found a dagger.
An ice beast comes into view.
Okay, then.
You hit the ice beast but do no damage. The ice beast hits you.
The ice beast freezes you.
You hit the ice beast but do no damage. The ice beast hits you.
The ice beast freezes you!
You barely miss the ice beast. The ice beast hits you.
The ice beast freezes you!
* * * LOW HITPOINT WARNING * * *
You barely miss the ice beast.
The ice beast hits you but does no damage.
The ice beast hits you.
* * * LOW HITPOINT WARNING * * *
The ice beast freezes you!
You die...

###.##..# #.# ..
.#..######## #.#
).............# #.#
#.#.#..#####.# #.#
......#.....# #.#
#.#[#..#.....### #.#
###.##...#.......#### #.#
........##.....#....## #.#
.........Y@....#.....###.#
.........#.....#.........#
##..###.##...........#####
#. #.#########...## #.#
##### #.# #.# ...


You could see an ice beast.

Vanquished Creatures
  A sky beast (D:4)
  A jelly (D:4)
  Jessica (D:2)
  Natasha (D:4)
  An adder (D:1)
  A white imp (D:3)
  A worm (D:2)
  6 orcs
  9 bats
  An endoplasm (D:1)
  A giant cockroach (D:3)
  6 goblins
  5 hobgoblins
  7 jackals
  2 kobolds (D:1)
  8 quokkas
  13 ball pythons
  6 frilled lizards
  9 rats
80 creatures vanquished.

Notes
Turn   | Place    | Note
-------+----------+-------------------------------------------
     0 | Abyss:1  | Ajdolov the Formicid Abyssal Knight began the quest for the
                  | Orb.
     0 | Abyss:1  | Reached XP level 1. HP: 18/18 MP: 2/2
    25 | D:1      | Escaped the Abyss
   202 | D:1      | Reached XP level 2. HP: 23/24 MP: 3/3
   215 | D:1      | Reached * piety under Lugonu
   615 | D:1      | Reached XP level 3. HP: 30/30 MP: 4/4
  1284 | D:1      | Reached skill level 3 in Maces & Flails
  1635 | D:2      | Reached XP level 4. HP: 37/37 MP: 5/5
  1838 | D:2      | Reached ** piety under Lugonu
  2175 | D:2      | Noticed Jessica
  2189 | D:2      | Found a glowing golden altar of the Shining One.
  2193 | D:2      | Killed Jessica
  2194 | D:2      | Reached skill level 4 in Maces & Flails
  2194 | D:2      | Reached XP level 5. HP: 38/42 MP: 6/6
  2646 | D:3      | Found an ancient bone altar of Kikubaaqudgha.
  2966 | D:3      | Found a faded altar of an unknown god.
  3028 | D:4      | Noticed Natasha
  3035 | D:4      | Killed Natasha
  3144 | D:4      | Noticed a sky beast
  3166 | D:4      | Killed a sky beast
  3167 | D:4      | Reached skill level 5 in Maces & Flails
  3167 | D:4      | Reached XP level 6. HP: 25/49 MP: 8/8
  3399 | D:4      | Noticed an ice beast
  3411 | D:4      | Slain by an ice beast

Illustrated notes

Levels and vault maps discovered:
D:1:      sevenhm_arrival_forest_fort_small_4, layout_basic, minmay_cut_off
D:2:      layout_loops_cross, basic_altar, uniq_jessica
D:3:      layout_rooms, mainiacjoe_overflow_catwalk,
          shapermc_ecumenical_altar_mp_highgroup
D:4:      layout_loops_ring, minmay_crystal_room, kennysheep_generic_room_3,
          uniq_natasha

Skill      XL: |  1  2  3  4  5 |
---------------+----------------+-----
Fighting       | 4 |  4.3
Maces & Flails | 3 4 5 |  5.3
Invocations    | 3 |  3.3
Armour         | |  2.1
Dodging        | |  0.8

Action                   |  1- 3 |  4- 6 || total
-------------------------+-------+-------++-------
Melee: Mace              |   110 |   173 ||   283
Invok: Depart the Abyss  |     1 |       ||     1
Armor: Leather armour    |     3 |       ||     3
       Ring mail         |    15 |       ||    15
       Chain mail        |    34 |   115 ||   149
Dodge: Dodged            |    53 |    71 ||   124

Table legend: (Time is in decaauts)
 A = Elapsed time spent in this place.
 B = Non-inter-level travel time spent in this place.
 C = Inter-level travel time spent in this place.
 D = Time resting spent in this place.
 E = Time spent auto-exploring this place.
 F = Levels seen in this place.
 G = Mean time per level.
                   A        B        C        D        E       F      G
               +--------+--------+--------+--------+--------+-----+--------+
         Total |   3481 |   3443 |     38 |    329 |   2252 |   5 |  696.2 |
       Dungeon |   3456 |   3418 |     38 |    329 |   2229 |   4 |  864.0 |
         Abyss |     25 |     25 |      0 |      0 |     23 |   1 |   25.0 |
               +--------+--------+--------+--------+--------+-----+--------+

Top non-repeatable levels by time:
     D:1: 1416 daAuts
     D:2: 1109 daAuts
     D:3: 512 daAuts
     D:4: 416 daAuts
 Abyss:1: 25 daAuts
